 Dungeon Crawl Stone Soup version 0.21.1-1-g345015f (webtiles) character file.

5439 ninurtach the Covert (level 10, -8/49 HPs)
             Began as a Spriggan Enchanter on Apr 4, 2018.
             Was a Believer of Dithmenos.
             Mangled by Erica
             ... wielding a +2 scimitar of flaming
              (9 damage)
             ... on level 8 of the Dungeon.
             The game lasted 00:33:00 (13999 turns).

ninurtach the Covert (Spriggan Enchanter)          Turns: 13999, Time: 00:33:00

Health: -8/49      AC:  6    Str:  8    XL:     10   Next: 41%
Magic:  1/18       EV: 25    Int: 19    God:    Dithmenos [**....]
Gold:   431        SH:  6    Dex: 18    Spells: 10/19 levels left

rFire    x . .     SeeInvis +   o - +3 dagger (pain)
rCold    + . .     Gourm    .   l - +1 buckler
rNeg     . . .     Faith    +   b - +0 robe
rPois    .         Spirit   .   (helmet restricted)
rElec    .         Reflect  .   E - +0 cloak
rCorr    .         Harm     .   (gloves unavailable)
MR       ++...                  (boots unavailable)
Stlth    +++++.....             y - amulet of faith
HPRegen  0.16/turn              C - ring of ice
MPRegen  0.16/turn              u - ring of Veethrooxt {MR+ AC+3 Str+4 Stlth-}

@: lethally poisoned (-8 -> -12), wreathed by umbra, very quick
A: very small, unfitting armour, see invisible, herbivore, speed 3, slow
metabolism 2
a: Shadow Step, Renounce Religion


You were on level 8 of the Dungeon.
You worshipped Dithmenos.
Dithmenos was pleased with you.
You were not hungry.

You visited 2 branches of the dungeon, and saw 9 of its levels.

You collected 431 gold pieces.

Inventory:

Hand Weapons
 n - a +0 dagger of venom
 o - a +3 dagger of pain (weapon)
Armour
 b - a +0 robe (worn)
 l - a +1 buckler (worn)
 E - a +0 cloak (worn)
Jewellery
 k - an uncursed ring of resist corrosion
 r - an uncursed ring of fire
 u - the ring of Veethrooxt (right hand) {MR+ AC+3 Str+4 Stlth-}
   (You found it on level 5 of the Dungeon)

   [ring of protection]

   It affects your AC (+3).
   It affects your strength (+4).
   It affects your resistance to hostile enchantments.
   It makes you less stealthy.
 y - an amulet of faith (around neck)
 C - a ring of ice (left hand)
Wands
 h - a wand of iceblast (14)
 t - a wand of paralysis (22)
Scrolls
 e - 5 scrolls of remove curse
 f - 3 scrolls of enchant armour
 g - 2 scrolls of amnesia
 i - 3 scrolls of fog
 j - 3 scrolls of identify
 m - 5 scrolls of teleportation
 A - a scroll of summoning {unknown}
 D - a scroll of fear {unknown}
Potions
 a - 5 potions of heal wounds
 p - 3 potions of curing
 q - a potion of resistance
 s - 4 potions of lignification
 v - a potion of invisibility
 x - a potion of might
 z - a potion of magic
 B - a potion of flight
Books
 c - a book of Maledictions

   Spells                             Type                      Level
   a - Corona                         Hexes                        1
   b - Ensorcelled Hibernation        Hexes/Ice                    2
   c - Confuse                        Hexes                        3
   d - Tukima's Dance                 Hexes                        3
   e - Dazzling Spray                 Conjuration/Hexes            3
Comestibles
 d - 4 rations


   Skills:
 + Level 3.6 Fighting
 - Level 1.1 Short Blades
 - Level 10.0 Dodging
 + Level 11.8 Stealth
 - Level 5.1 Spellcasting
 - Level 10.0 Hexes
 - Level 5.0 Ice Magic
 + Level 3.0 Invocations


You had 10 spell levels left.
You knew the following spells:

 Your Spells              Type           Power        Failure   Level  Hunger
a - Corona                Hex            #####..      1%          1    None
b - Dazzling Spray        Conj/Hex       ###...       8%          3    ##.....
x - Confuse               Hex            #####...     1%          3    ##.....
z - Ensorcelled Hibernat  Hex/Ice        ######       1%          2    #......


Dungeon Overview and Level Annotations

Branches:
Dungeon (8/15)             Temple (1/1) D:4
   Lair: D:8-11

Altars:
Ashenzari
Cheibriados
Dithmenos
Elyvilon
Fedhas
Gozag
Hepliaklqana
Kikubaaqudgha
Makhleb
Nemelex Xobeh
Okawaru
Qazlal
Ru
Sif Muna
Trog
Uskayaw
Vehumet
Wu Jian
Xom
Yredelemnul
Zin
The Shining One

Shops:
D:6 [

Annotations:
D:8 Erica


Innate Abilities, Weirdness & Mutations

You are very small and have problems with some larger weapons.
You are too small for most types of armour.
You have supernaturally acute eyesight. (SInv)
You are a herbivore.
You cover ground extremely quickly.
You need consume almost no food.


Message History

You take 1 damage, and have 19/49 hp.
You now have 3/18 mp.
Spoiler Alert: Erica can cast Venom Bolt, IMB, and teleport away!
Aim: Erica, wielding a scimitar of flaming and wearing a glowing robe (almost dead, umbra, chance to defeat MR: 34%) Erica appears confused.
You feel sick.
You take 1 damage, and have 18/49 hp.
You now have 1/18 mp.
Spoiler Alert: Erica (confused) can cast Venom Bolt, IMB, and teleport away!
Spoiler Alert: Erica (confused) can cast Venom Bolt, IMB, and teleport away!
You hit Erica but do no damage.
You feel sick.
You take 1 damage, and have 17/49 hp.
Spoiler Alert: Erica (confused) can cast Venom Bolt, IMB, and teleport away!
Erica completely misses you.
Spoiler Alert: Erica (confused) can cast Venom Bolt, IMB, and teleport away!
You barely miss Erica.
You feel sick. Erica completely misses you.
You take 1 damage, and have 16/49 hp.
Spoiler Alert: Erica (confused) can cast Venom Bolt, IMB, and teleport away!
You barely miss Erica.
You feel sick.
Erica hits you with a scimitar of flaming!
* * * LOW HITPOINT WARNING * * *
Erica burns you!
You die...

#....####.........####...#.##
#.#.## ##.......## ##.##.#
#.### ##.....## ####.#
###.### ##...## #.# #>....#
##'# #.# #.#.#.# #.###### #.#
##..#..### ##....... #.#
#..#.#...# #@.......
#......#.# ##@..####.
#.##.###.# #.........
#.##.###.######...#.##.
#.##................#
#.######.######........
#.######.# ##.......
#..(.....# ####### ##########


You could see Erica (confused).

Vanquished Creatures
  Pikel (D:4)
  Maurice (D:8)
  Psyche (D:8)
  A troll (D:6)
  Grinder (D:3)
  Prince Ribbit (D:6)
  A hippogriff (D:7)
  Sigmund (D:6)
  A shadow (D:7)
  Edmund (D:6)
  2 hungry ghosts (D:8)
  Duvessa (D:4)
  3 orc warriors
  3 phantoms
  4 ogres
  2 sky beasts
  3 centaurs
  Blork the orc (D:5)
  3 bullfrogs
  2 scorpions
  Dowan (D:4)
  4 crimson imps (D:7)
  5 howler monkeys
  A bullfrog zombie (D:5)
  A centaur zombie (D:5)
  A bullfrog skeleton (D:8)
  4 orc wizards
  5 orc priests
  3 iguanas
  4 worker ants
  A hound zombie (D:5)
  A worker ant zombie (D:3)
  Robin (D:2)
  A howler monkey skeleton (D:4)
  10 adders
  A river rat (D:4)
  A shadow imp (D:6)
  An ooze (D:2)
  2 adder skeletons (D:4)
  3 adder zombies
  4 worms
  2 dart slugs
  3 leopard geckos
  33 orcs
  3 bats
  6 giant cockroaches
  8 goblins
  10 hobgoblins
  3 jackals (D:2)
  A quokka (D:2)
  2 ball pythons
  8 frilled lizards
  4 kobolds
  A leopard gecko skeleton (D:4)
  A quokka skeleton (D:8)
  7 rats
181 creatures vanquished.

Notes
Turn   | Place    | Note
-------+----------+-------------------------------------------
     0 | D:1      | ninurtach the Spriggan Enchanter began the quest for the Orb.
     0 | D:1      | Reached XP level 1. HP: 9/9 MP: 5/5
   706 | D:1      | Reached XP level 2. HP: 13/13 MP: 7/7
   710 | D:1      | Learned a level 2 spell: Ensorcelled Hibernation
  1501 | D:2      | Noticed Robin
  1508 | D:2      | Killed Robin
  1508 | D:2      | Reached XP level 3. HP: 14/16 MP: 1/8
  2369 | D:2      | Learned a level 3 spell: Confuse
  2997 | D:2      | Reached skill level 5 in Stealth
  3316 | D:2      | Found a snail-covered altar of Cheibriados.
  3365 | D:3      | Learned a level 3 spell: Dazzling Spray
  3431 | D:3      | Reached XP level 4. HP: 18/21 MP: 2/10
  3857 | D:3      | Found a faded altar of an unknown god.
  4428 | D:3      | Reached skill level 5 in Hexes
  4428 | D:3      | Reached XP level 5. HP: 4/24 MP: 7/12
  4790 | D:3      | Noticed Grinder
  4902 | D:3      | Killed Grinder
  4902 | D:3      | Reached skill level 5 in Spellcasting
  4902 | D:3      | Reached skill level 1 in Ice Magic
  4902 | D:3      | Reached XP level 6. HP: 16/28 MP: 6/14
  5752 | D:4      | Reached skill level 6 in Stealth
  5903 | D:4      | Reached skill level 5 in Dodging
  5932 | D:4      | Reached XP level 7. HP: 32/32 MP: 15/15
  6064 | D:4      | Found a staircase to the Ecumenical Temple.
  6064 | D:4      | Noticed Duvessa
  6066 | D:4      | Noticed Dowan
  6089 | D:4      | Killed Dowan
  6092 | D:4      | Killed Duvessa
  6428 | D:4      | Reached skill level 7 in Stealth
  6462 | Temple   | Entered the Ecumenical Temple
  6641 | Temple   | Became a worshipper of Dithmenos the Shadowed
  7107 | D:4      | Noticed Pikel
  7132 | D:4      | Killed Pikel
  7132 | D:4      | Reached XP level 8. HP: 11/36 MP: 4/16
  7756 | D:5      | Entered Level 5 of the Dungeon
  7899 | D:5      | Got a scintillating wooden ring
  7900 | D:5      | Identified the ring of Veethrooxt {MR+ AC+3 Str+4 Stlth-} (You found it on level 5 of the Dungeon)
  7926 | D:5      | Reached skill level 8 in Stealth
  9125 | D:5      | Noticed Blork the orc
  9130 | D:5      | Killed Blork the orc
  9733 | D:6      | Noticed a troll
  9742 | D:6      | Killed a troll
  9742 | D:6      | Reached skill level 9 in Stealth
  9742 | D:6      | Reached XP level 9. HP: 39/39 MP: 14/17
  9799 | D:6      | Noticed Prince Ribbit
  9804 | D:6      | Killed Prince Ribbit
 10056 | D:6      | Reached * piety under Dithmenos
 10282 | D:6      | Reached skill level 10 in Hexes
 10409 | D:6      | Found Oqukhau's Armour Emporium.
 10757 | D:6      | Found a burning altar of Makhleb.
 10794 | D:6      | Noticed Sigmund
 10795 | D:6      | Noticed Edmund
 11107 | D:6      | Killed Sigmund
 11185 | D:6      | Killed Edmund
 11185 | D:6      | Reached skill level 1 in Fighting
 11536 | D:7      | Reached skill level 10 in Stealth
 12119 | D:7      | Found a shimmering altar of Xom.
 12123 | D:7      | Found a shimmering altar of Xom.
 12123 | D:7      | Found a shimmering altar of Xom.
 12124 | D:7      | Found a shimmering altar of Xom.
 12124 | D:7      | Found a shimmering altar of Xom.
 12178 | D:7      | Found an ornate altar of the Wu Jian Council.
 12378 | D:7      | Reached skill level 5 in Ice Magic
 12378 | D:7      | Reached XP level 10. HP: 47/47 MP: 18/18
 12426 | D:7      | Found a sacrificial altar of Ru.
 12605 | D:8      | Reached ** piety under Dithmenos
 12663 | D:8      | Noticed Maurice
 12670 | D:8      | Killed Maurice
 12670 | D:8      | Reached skill level 11 in Stealth
 12670 | D:8      | Reached skill level 1 in Invocations
 13242 | D:8      | Reached skill level 10 in Dodging
 13754 | D:8      | Noticed Psyche
 13759 | D:8      | Killed Psyche
 13985 | D:8      | Noticed Erica
 13999 | D:8      | HP: 1/49 [Erica/scimitar of flaming (15)]
 13999 | D:8      | Mangled by Erica

Skill      XL: |  1  2  3  4  5  6  7  8  9 10 |
---------------+-------------------------------+-----
Spellcasting   | 3 4 5 |  5.1
Hexes          | 4 5 6 8 9 10 | 10.0
Stealth        | 5 6 7 9 10 11 | 11.8
Dodging        | 4 5 6 7 9 10 | 10.0
Ice Magic      | 1 2 3 5 |  5.0
Fighting       | 2 3 |  3.6
Invocations    | 3 |  3.0
Short Blades   | |  1.1

Action                   |  1- 3 |  4- 6 |  7- 9 | 10-12 || total
-------------------------+-------+-------+-------+-------++-------
Melee: Dagger            |   159 |   130 |   335 |    93 ||   717
 Cast: Ensorcelled Hiber |    22 |    24 |    70 |    27 ||   143
       Confuse           |     1 |     6 |    24 |     9 ||    40
       Corona            |       |       |     2 |       ||     2
  Use: Potion            |     1 |       |     1 |       ||     2
       Scroll            |       |    10 |     6 |       ||    16
 Stab: Sleeping          |    18 |    16 |    51 |    28 ||   113
       Confused          |     1 |     3 |    15 |     1 ||    20
       Distracted        |       |       |     1 |       ||     1
  Eat: Ration            |     1 |     2 |     3 |     2 ||     8
Armor: Robe              |     9 |     1 |    11 |     3 ||    24
Dodge: Dodged            |   109 |    56 |   191 |    55 ||   411
Block: Buckler           |    20 |    20 |    79 |    13 ||   132
